 Dungeon Crawl Stone Soup version 0.28.0-53-g5a82cb258f (webtiles) character file.

Game seed: 15951567488726170146

128 Infinimo the Cudgeller (level 5, -1/54 HPs)
             Began as an Ogre Gladiator on June 3, 2022.
             Slain by a black bear (12 damage)
             ... on level 3 of the Dungeon.
             The game lasted 00:04:17 (3300 turns).

Infinimo the Cudgeller (Ogre Gladiator)             Turns: 3300, Time: 00:04:18

Health: -1/54      AC:  3    Str: 20    XL:     5   Next: 12%
Magic:  5/5        EV: 10    Int:  9    God:
Gold:   90         SH:  0    Dex: 10    Spells: 4/4 levels left

rFire   . . .      SeeInvis .   a - +0 flail
rCold   . . .      Faith    .   (no shield)
rNeg    . . .      Spirit   .   b - +0 robe
rPois   .          Reflect  .   c - +0 hat
rElec   .          Harm     .   (no cloak)
rCorr   .          Rampage  .   (gloves unavailable)
Will    .....                   (boots unavailable)
Stlth   +.........              (no amulet)
HPRegen 0.18/turn               (no ring)
MPRegen 0.09/turn               (no ring)

@: no status effects
A: large, unfitting armour, tough skin 1
a: no special abilities


You were on level 3 of the Dungeon.
You visited 1 branch of the dungeon, and saw 3 of its levels.

You collected 90 gold pieces.

Inventory:

Hand Weapons
 a - a +0 flail (weapon)
Armour
 b - a +0 robe (worn)
 c - a +0 hat (worn)
Jewellery
 i - a ring of resist corrosion
 k - an amulet of faith
Scrolls
 e - 2 scrolls of identify
Potions
 d - a potion of haste
 g - a potion of flight
 h - a potion of curing {unknown}


   Skills:
 + Level 4.0 Fighting
 * Level 4.1 Maces & Flails
 - Level 2.0 Throwing
 + Level 3.4 Dodging


You had 4 spell levels left.
You didn't know any spells.
Your spell library contained the following spells:

 Spells                   Type           Power      Damage    Failure   Level
 Ensorcelled Hibernation  Hex/Ice        0%         N/A       52%         2
 Gell's Gravitas          Tloc           0%         N/A       77%         3
 Lesser Beckoning         Tloc           0%         N/A       77%         3
 Spider Form              Tmut/Pois      0%         N/A       77%         3
 Teleport Other           Tloc           0%         N/A       77%         3
 Anguish                  Hex/Necr       0%         N/A       99%         4


Dungeon Overview and Level Annotations

Branches:
Dungeon (3/15)

Altars:

Shops:
D:2 =

Annotations:
D:2 1 runed translucent door, Crazy Yiuf


Innate Abilities, Weirdness & Mutations

You are too large for most types of armour.
You have tough skin. (AC +1)


Message History

The black bear is almost dead.
The black bear closely misses you. The black bear claws you. x2
You barely miss the black bear.
The black bear is almost dead.
The black bear bites you. The black bear completely misses you.
The black bear claws you but does no damage.
The black bear bites you. The black bear misses you.
The black bear claws you but does no damage.
You barely miss the black bear.
The black bear is almost dead.
The black bear goes berserk!
You barely miss the black bear.
The black bear is severely wounded.
The black bear bites you. The black bear closely misses you.
The black bear claws you but does no damage.
The black bear bites you! The black bear claws you.
The black bear claws you but does no damage.
You are too injured to fight recklessly!
You are too injured to fight recklessly!
You hit the black bear.
The black bear is almost dead.
The black bear bites you but does no damage.
The black bear completely misses you. The black bear barely misses you.
You barely miss the black bear.
The black bear is almost dead.
The black bear bites you.
* * * LOW HITPOINT WARNING * * *
The black bear claws you.
* * * LOW HITPOINT WARNING * * *
The black bear claws you.
* * * LOW HITPOINT WARNING * * *
The black bear closely misses you. The black bear claws you.
* * * LOW HITPOINT WARNING * * *
The black bear claws you but does no damage.
Unknown command.
Unknown command.
You closely miss the black bear.
The black bear is almost dead.
The black bear bites you!
You die...

######## #......# #.####.# #.#
#.# ##+# #.####.# #.....
###......############## #.....
#>......^...rh@.......# #.....
#.#......<.#########..## .....
#.#.####...#.##....#...# .....
##.#....#...#.....#.###.# #.#.
#...........#.#####.###.# #.#.
#....).....)......#.r...## #.#.
#....#'#...##......####..####.##
#....#.#....#......+..........#.
##.....#....#......#####......#.


You could see a black bear (berserk) and a rat.

Vanquished Creatures
  Terence (D:2)
  4 gnolls (D:3)
  A worm (D:2)
  6 endoplasms
  5 giant cockroaches
  3 goblins
  2 hobgoblins
  4 jackals (D:2)
  7 kobolds
  A quokka (D:2)
  10 ball pythons
  7 bats
  4 frilled lizards
  3 rats
58 creatures vanquished.

Vanquished Creatures (others)
  A fungus (D:2)
1 creature vanquished.

Grand Total: 59 creatures vanquished

Notes
Turn   | Place    | Note
-------+----------+-------------------------------------------
     0 | D:1      | Infinimo the Ogre Gladiator began the quest for the Orb.
     0 | D:1      | Reached XP level 1. HP: 22/22 MP: 1/1
   263 | D:1      | Reached XP level 2. HP: 23/29 MP: 2/2
   547 | D:1      | Found a faded altar of an unknown god.
   882 | D:2      | Reached XP level 3. HP: 33/37 MP: 3/3
  1039 | D:2      | Noticed Terence
  1136 | D:2      | Killed Terence
  1239 | D:2      | Reached XP level 4. HP: 12/46 MP: 4/4
  1549 | D:2      | Found Vumnih's Jewellery Shop.
  2208 | D:2      | Identified the +1 mace of Plunder {venom, Drain Int+4
                  | Dex+9}
  2214 | D:2      | Found a runed translucent door.
  2215 | D:2      | Noticed Crazy Yiuf
  2494 | D:3      | Noticed a black bear
  2535 | D:3      | Noticed a gnoll sergeant
  2840 | D:3      | Reached XP level 5. HP: 12/54 MP: 5/5
  3300 | D:3      | Slain by a black bear

Illustrated notes

Levels and vault maps discovered:
D:1:      lightli_iron_boxes, layout_rooms, ebering_ecumenical_altar_box
D:2:      layout_loops_ring, serial_shops, nicolae_shop_statue_plus,
          kennysheep_generic_room_8, uniq_terence, uniq_crazy_yiuf_cottage
D:3:      layout_basic

Skill      XL: |  1  2  3  4 |
---------------+-------------+-----
Fighting       | 3 4 |  4.0
Maces & Flails | 3 4 |  4.1
Dodging        | 3 |  3.4
Throwing       | |  2.0

Action                   |  1- 3 |  4- 6 || total
-------------------------+-------+-------++-------
Melee: Flail             |   100 |   100 ||   200
       Punch             |     2 |     3 ||     5
Throw: Throwing net      |     3 |     2 ||     5
  Use: Scroll            |     1 |     5 ||     6
 Stab: Sleeping          |     1 |       ||     1
       Distracted        |       |     1 ||     1
Armor: Robe              |    40 |    27 ||    67
Dodge: Dodged            |    57 |    73 ||   130
